 Dungeon Crawl Stone Soup version 0.25-a0-200-g5ba96148f3 (webtiles) character file.

Game seed: 6090560961842797260, levelgen mode: deterministic

194 D1HalberdGnoll the Sneak (level 5, 0/32 HPs)
             Began as a Tengu Assassin on Dec 2, 2019.
             Blown up by a gnoll (28 damage)
             ... with a disintegration bolt
             ... on level 3 of the Dungeon.
             The game lasted 00:05:34 (3732 turns).

D1HalberdGnoll the Sneak (Tengu Assassin)           Turns: 3732, Time: 00:05:35

Health: 0/32       AC:  4    Str: 13    XL:     5   Next: 73%
Magic:  6/6        EV: 13    Int: 11    God:
Gold:   100        SH:  0    Dex: 15    Spells: 4/4 levels left

rFire    . . .     SeeInvis .   a - +0 short sword (speed)
rCold    . . .     Gourm    .   (no shield)
rNeg     . . .     Faith    .   j - +0 leather armour (curse)
rPois    .         Spirit   .   (helmet restricted)
rElec    .         Reflect  .   c - +0 cloak
rCorr    .         Harm     .   (no gloves)
MR       .....                  (boots unavailable)
Stlth    ++........             (no amulet)
HPRegen  0.10/turn              (no ring)
MPRegen  0.10/turn              (no ring)

@: no status effects
A: beak, talons 3, able to fly
a: Fly


You were on level 3 of the Dungeon.
You were very hungry.

You visited 1 branch of the dungeon, and saw 3 of its levels.

You collected 100 gold pieces.

Inventory:

Hand Weapons
 a - a +0 short sword of speed (weapon)
   (You took it off a kobold on level 2 of the Dungeon)
 b - a +0 arbalest
   (You found it on level 2 of the Dungeon)
 q - a +2 dagger
Missiles
 d - 20 poisoned darts (quivered)
 f - 5 curare-tipped darts {!f}
Armour
 c - a +0 cloak (worn)
 j - a cursed +0 leather armour (worn)
   (You found it on level 1 of the Dungeon)
Scrolls
 i - a scroll of enchant weapon {unknown}
 n - a scroll of amnesia {unknown}
 o - a scroll of blinking {unknown}
 s - a scroll of identify {unknown}
 t - a scroll of random uselessness {unknown}
 v - a scroll of remove curse {unknown}
Potions
 h - 3 potions of brilliance {unknown}
 k - a potion of flight
 l - a potion of mutation {unknown}
 p - a potion of cancellation {unknown}
 u - a potion of heal wounds {unknown}
Comestibles
 e - 3 rations {!d}


   Skills:
 + Level 3.1 Fighting
 - Level 2.1 Short Blades
 * Level 3.1 Crossbows
 - Level 2.2 Throwing
 + Level 2.4 Armour
 + Level 2.8 Dodging
 - Level 4.0 Stealth


You had 4 spell levels left.
You didn't know any spells.
Your spell library was empty.

Dungeon Overview and Level Annotations

Branches:
Dungeon (3/15)

Altars:


Innate Abilities, Weirdness & Mutations

You have a beak for a mouth.
You have claws for feet.
You can fly continuously.


Message History

Things that are here:
a +0 whip; a +0 scale mail There isn't anything to butcher here.
d - 20 poisoned darts (gained 1)
You start resting.
You are feeling hungry.
You start resting.
You are feeling very hungry.
There is a stone staircase leading down here.
d - 23 poisoned darts (gained 3)
d - 26 poisoned darts (gained 3)
There is a stone staircase leading down here.
You climb downwards.
Level annotation: Natasha
There is a stone staircase leading up, spattered with blood here.
Throwing (i - inventory. (/) - cycle)
d - 26 poisoned darts (quivered)
Aim: Natasha You throw a poisoned dart.
The poisoned dart hits Natasha.
Natasha is poisoned.
Natasha claws you.
Throwing (i - inventory. (/) - cycle)
d - 25 poisoned darts (quivered)
Aim: Natasha (poisoned)
You throw a poisoned dart. The poisoned dart hits Natasha.
Natasha looks even sicker.
Natasha claws you.
You hit Natasha. You claw Natasha. Natasha barely misses you.
The gnoll shouts!
You hit Natasha.
You kill Natasha!
You feel Natasha's spirit has finally been put to rest.
Your Crossbows skill increases to level 3!
Throwing (i - inventory. (/) - cycle)
d - 24 poisoned darts (quivered)
Aim: a gnoll, wielding a +0 halberd and carrying a wand of disintegration (16)
You throw a poisoned dart. The poisoned dart hits the gnoll.
The gnoll throws a throwing net.
The throwing net closely misses you.
Found a flail.
Throwing (i - inventory. (/) - cycle)
d - 23 poisoned darts (quivered)
Aim: a gnoll, wielding a +0 halberd and carrying a wand of disintegration (16)
You throw a poisoned dart. The poisoned dart hits the gnoll!
The gnoll is poisoned.
Throwing (i - inventory. (/) - cycle)
d - 22 poisoned darts (quivered)
Aim: a gnoll, wielding a +0 halberd and carrying a wand of disintegration (16) (lightly wounded, very poisoned)
You throw a poisoned dart.
The poisoned dart closely misses the gnoll.
Throwing (i - inventory. (/) - cycle)
d - 21 poisoned darts (quivered)
Aim: a gnoll, wielding a +0 halberd and carrying a wand of disintegration (16) (lightly wounded, very poisoned)
You throw a poisoned dart.
The poisoned dart completely misses the gnoll.
The gnoll zaps a wand.
You are blasted!
Ouch! That really hurt!
You die...

#.#...(....
#########)###.#.#g.
##.......#.###)#.#..
......##.......#....
#) #....#...######.
#. #..g###..# ## #.
##.#.#.#.# #
#.###.#.....# #
#.@<(.g(##..# #
#####....(..# #
#......(.## #
....#####.(## # #
....##......##.....
.....^.............
...........##......
>.####.##.# .#####
#. #.# # #


You could see a gnoll.

Vanquished Creatures
  An orc wizard (D:3)
  A bullfrog skeleton (D:3)
  Natasha (thrice) (D:3)
  An adder (D:2)
  A gnoll (D:2)
  A dart slug (D:1)
  2 leopard geckos
  3 orcs (D:3)
  A giant cockroach (D:2)
  9 hobgoblins
  A quokka (D:2)
  A bat (D:2)
  2 frilled lizards
  5 goblins
  7 kobolds
  5 rats
44 creatures vanquished.

Vanquished Creatures (others)
  5 toadstools (D:1)
5 creatures vanquished.

Grand Total: 49 creatures vanquished

Notes
Turn   | Place    | Note
-------+----------+-------------------------------------------
     0 | D:1      | D1HalberdGnoll the Tengu Assassin began the quest for the
                  | Orb.
     0 | D:1      | Reached XP level 1. HP: 12/12 MP: 2/2
   368 | D:1      | Reached XP level 2. HP: 5/17 MP: 3/3
   873 | D:1      | Reached skill level 1 in Armour
  1528 | D:2      | Reached XP level 3. HP: 11/22 MP: 4/4
  1838 | D:2      | Reached skill level 1 in Crossbows
  2568 | D:3      | Noticed Natasha
  2574 | D:3      | Killed Natasha
  2574 | D:3      | Reached XP level 4. HP: 12/27 MP: 5/5
  2994 | D:3      | Noticed Natasha
  3006 | D:3      | Killed Natasha
  3006 | D:3      | Gained mutation: You can fly continuously. [Tengu growth]
  3006 | D:3      | Reached XP level 5. HP: 22/32 MP: 6/6
  3117 | D:3      | Noticed Natasha
  3726 | D:3      | Killed Natasha
  3732 | D:3      | Blown up by a gnoll

Levels and vault maps discovered:
D:1:      ldierk_walled_garden, layout_basic
D:2:      layout_loops_ring
D:3:      layout_loops_cross, marbit_many_paths, gammafunk_ghost_grave,
          kennysheep_generic_room_14, uniq_robin, uniq_natasha

Skill      XL: |  1  2  3  4  5 |
---------------+----------------+-----
Armour         | 1 2 |  2.4
Crossbows      | 1 2 3 |  3.1
Dodging        | 2 |  2.8
Fighting       | 3 |  3.1
Short Blades   | |  2.1
Throwing       | |  2.2
Stealth        | |  4.0

Action                   |  1- 3 |  4- 6 || total
-------------------------+-------+-------++-------
Melee: Dagger            |    47 |       ||    47
       Peck              |    11 |     6 ||    17
       Kick              |     8 |    14 ||    22
       Short sword       |    21 |    37 ||    58
Throw: Dart              |    24 |    31 ||    55
  Use: Potion            |       |     3 ||     3
 Stab: Sleeping          |     3 |       ||     3
  Eat: Ration            |     1 |       ||     1
       Chunk             |     1 |     3 ||     4
Armor: Robe              |     2 |       ||     2
       Leather armour    |     6 |     7 ||    13
Dodge: Dodged            |    34 |    25 ||    59

Table legend:
 A = Non-vault XP
 B = Vault XP
 C = Vault XP percentage of total XP
 D = Non-vault monster count
 E = Vault monster count
 F = Vault count percentage of total count
                 A         B        C        D         E       F
            +---------+---------+-------+---------+---------+-------
      Total |     242 |      36 |  12.9 |      43 |       1 |   2.3
            +---------+---------+-------+---------+---------+-------
        D:1 |      23 |       0 |   0.0 |      13 |       0 |   0.0
        D:2 |      51 |       0 |   0.0 |      18 |       0 |   0.0
        D:3 |     168 |      36 |  17.6 |      12 |       1 |   7.7
            +---------+---------+-------+---------+---------+-------
